 Dungeon Crawl Stone Soup version 0.19-a0-36-g4a0968a (webtiles) character file.

25 M4edhros the Sneak (level 3, 0/34 HPs)
             Began as an Octopode Artificer on May 4, 2016.
             Succumbed to an adder's poison
             ... on level 2 of the Dungeon.
             The game lasted 00:01:29 (772 turns).

M4edhros the Sneak (Octopode Artificer)              Turns: 772, Time: 00:01:29

Health: 0/34       AC: 21    Str: 14 (15) XL:     3   Next: 6%
Magic:  5/5        EV:  2    Int: 11 (14) God:
Gold:   72         SH:  0    Dex: 12 (13) Spells: 0 memorised, 2 levels left

rFire  + . .     SeeInvis .     a - +0 short sword
rCold  + . .     Gourm    .     (no shield)
rNeg   + + +     Faith    .     (helmet currently unavailable)
rPois  +         Spirit   .     (no amulet)
rElec  +         Dismiss  .     (no ring)
rCorr  +         Reflect  .     (no ring)
SustAt .         Harm     .     (no ring)
MR     .....     NoTele   +     (no ring)
Stlth  ++++......               (no ring)
                                (no ring)
                                (no ring)
                                (no ring)

@: mighty, lethally poisoned (0 -> -1), tree-form, resistant, not resistant to
hostile enchantments, stealthy
A: almost no armour, (amphibious), 8 rings, (constrict 8), (camouflage 0),
(gelatinous body 0)
a: no special abilities


You were on level 2 of the Dungeon.
You were not hungry.
You were a tree.
You visited 1 branch of the dungeon, and saw 2 of its levels.

You collected 72 gold pieces.

Inventory:

Hand Weapons
 a - a +0 short sword (weapon)
Wands
 b - a wand of flame (15/48)
 c - a wand of enslavement (13/24)
 d - a wand of random effects (15/48)
Scrolls
 g - a scroll of remove curse {unknown}
 i - 2 scrolls of identify {unknown}
 k - a scroll of teleportation {unknown}
 m - a scroll of enchant armour {unknown}
Potions
 j - a potion of degeneration
Comestibles
 f - a bread ration


   Skills:
 - Level 1.0 Fighting
 - Level 1.0 Short Blades
 - Level 2.0 Dodging
 + Level 4.2 Stealth
 - Level 3.2 Evocations


You had 2 spell levels left.
You didn't know any spells.

Dungeon Overview and Level Annotations

Branches:
Dungeon (2/15)

Altars:

Annotations:
D:2 Sigmund


Innate Abilities, Weirdness & Mutations

You cannot wear most types of armour.
((You are amphibious.))
You can wear up to eight rings at the same time.
((You can use your tentacles to constrict eight enemies at once.))
((Your skin changes colour to match your surroundings (Stealth).))
((Your rubbery body absorbs attacks (AC +1).))


Message History

Anything else - Stay silent.
Wait here!
* * * LOW HITPOINT WARNING * * *
You feel sick.
You hear a shout! x2
A bat comes into view.
Your adder closely misses the bat.
The bat hits you but does no damage.
* * * LOW HITPOINT WARNING * * *
You feel sick.
The bat hits your adder but does no damage.
The bat closely misses your adder.
Your adder resists with significant effort.
A giant newt comes into view.
The bat hits you but does no damage.
You closely miss the bat. The bat hits you but does no damage. x2
Sigmund the Dreaded comes into view.
He is wielding a scythe.
The bat barely misses you. Sigmund closely misses your adder.
Your adder misses Sigmund.
You die...

####### ..
#...... #.#
.......##.#
........#.# #
#.......#.# $#
#.....†.#.###.!#
#......♣..$....##
.........l......#
.......b<.>......
##.....†.....#.##
#.#.##...##.# #
#....#.# #
....S#.#
.....@#.#
...#..#.#


You could see Sigmund, a bat, a giant newt and a friendly adder.

Vanquished Creatures
  An adder (D:2)
  5 bats
  A giant cockroach (D:2)
  2 goblins (D:1)
  2 hobgoblins (D:1)
  2 kobolds (D:1)
  A quokka (D:2)
  2 giant newts (D:1)
  A rat (D:1)
17 creatures vanquished.

Notes
Turn   | Place    | Note
--------------------------------------------------------------
     0 | D:1      | M4edhros the Octopode Artificer began the quest for the Orb.
     0 | D:1      | Reached XP level 1. HP: 13/13 MP: 3/3
   278 | D:1      | Reached skill level 2 in Stealth
   404 | D:1      | Reached XP level 2. HP: 18/18 MP: 4/4
   412 | D:1      | Reached skill level 3 in Stealth
   743 | D:2      | Reached skill level 4 in Stealth
   743 | D:2      | Reached XP level 3. HP: 23/23 MP: 5/5
   764 | D:2      | HP: 1/34 [poisoned by an adder]
   771 | D:2      | Noticed Sigmund
   772 | D:2      | Succumbed to an adder's poison

Vault maps used:
D:1:      sevenhm_arrival_forest_fort_small_3
D:2:      uniq_sigmund

Skill      XL: |  1  2 |
---------------+-------+-----
Stealth        | 2 4 |  4.2
Fighting       | |  1.0
Short Blades   | |  1.0
Dodging        | |  2.0
Evocations     | |  3.2

Action                   || total
-------------------------++-------
Melee: Short sword       ||    31
       Constrict         ||     4
       Tentacles         ||     2
Evoke: Wand              ||     2
  Use: Potion            ||     4
 Stab: Sleeping          ||     7
Armor: Skin              ||    11
Dodge: Dodged            ||    10
